 Dungeon Crawl Stone Soup version 0.29-a0-919-gd064cfad1c (webtiles) character file.

Game seed: 6417595684210586667

74 Sobieck the Slasher (level 3, -7/30 HPs)
             Began as a Demigod Gladiator on July 26, 2022.
             Killed by divine providence
             ... invoked by an orc priest
              (16 damage)
             ... on level 2 of the Dungeon.
             The game lasted 00:04:43 (2272 turns).

Sobieck the Slasher (Demigod Gladiator)             Turns: 2272, Time: 00:04:44

Health: -7/30      AC:  5    Str: 15    XL:     3   Next: 85%
Magic:  5/5        EV: 13    Int: 10    God:
Gold:   803        SH:  0    Dex: 19    Spells: 2/2 levels left

rFire   . . .      SeeInvis .   a - +0 long sword {long}
rCold   . . .      Faith    .   (no shield)
rNeg    . . .      Spirit   .   k - +0 leather armour
rPois   .          Reflect  .   c - +1 helmet
rElec   .          Harm     .   (no cloak)
rCorr   .          Rampage  .   (no gloves)
Will    .....                   (no boots)
Stlth   ++........              (no amulet)
HPRegen 0.10/turn               (no ring)
MPRegen 0.09/turn               (no ring)

@: no status effects
A: high MP 1, forlorn, divine attributes
a: no special abilities


You were on level 2 of the Dungeon.
You visited 1 branch of the dungeon, and saw 3 of its levels.

You collected 803 gold pieces.


Innate Abilities, Weirdness & Mutations

You have an increased reservoir of magic. (+10% MP)
You shall have no god before yourself.
Your divine heritage dramatically boosts your attributes as you level up.


   Skills:
 + Level 2.3 Fighting
 * Level 3.5 Long Blades
 - Level 1.7 Throwing
 + Level 3.1 Dodging
 + Level 1.4 Stealth


You had 2 spell levels left.
You didn't know any spells.
Your spell library was empty.

Inventory:

Hand Weapons
 a - a +0 long sword (weapon) {long}
 b - a +0 sling
   (You found it on level 1 of the Dungeon)
Missiles
 d - 3 throwing nets (quivered) {=f!fthrowing}
 e - a javelin {throwing}
 g - 34 stones {throwing}
Armour
 c - a +1 helmet (worn)
 h - a +0 leather armour
   (You took it off an orc on level 2 of the Dungeon)
 k - a +0 leather armour (worn)
 l - a +0 ring mail
   (You found it on level 1 of the Dungeon)
 m - a +0 ring mail
   (You found it on level 1 of the Dungeon)
 p - a +0 ring mail
   (You found it on level 1 of the Dungeon)
Potions
 f - a potion of brilliance {unknown}
 i - 2 potions of invisibility
 j - a potion of degeneration {unknown}
 n - a potion of curing {@q1}

Dungeon Overview and Level Annotations

Branches:
Dungeon (3/15) Zot: 15683

Shops:
D:1

(
....##..†....≈_.≈....#.#
###......#≈≈≈≈≈≈.≈...#.#
####...#..≈.≈≈≈.≈..#)#
#....#.≈≈...≈.≈#.##
###.>...#≈.....≈..##
####........#.....#)##
.....#.......#####.##
.###............o...#
.....##########.@...#
###....########.....#
##.#........#.....#
####^########.......#
#....# ##......# ..####
##.....# .## #.....# .#
#.....# .## #####.....#


You could see an orc priest.


Message History

You kill the ball python!
a - a +0 long sword (weapon)
{long} Unknown command.
You start resting.
Unknown command.
b - a +0 sling (weapon)
An orc priest comes into view. It is wielding a +0 hand axe.
The orc priest shouts!
An orc comes into view. It is wielding a +0 hand axe.
Danger!
You shoot a sling bullet. The orc shouts!
The sling bullet hits the orc priest.
You shoot a sling bullet.
The sling bullet barely misses the orc priest.
The sling bullet closely misses the orc.
An orc priest comes into view. It is wielding a +0 flail.
You shoot a sling bullet. The sling bullet barely misses the orc.
The sling bullet closely misses the orc priest.
The sling bullet hits the orc priest.
Unknown command.
Danger!
You shoot a sling bullet.
The sling bullet hits the orc but does no damage.
You shoot a sling bullet.
The sling bullet hits the orc but does no damage.
The orc priest looks braver for a moment.
The orc attacks as you move away! The orc closely misses you.
Unknown command.
The orc attacks as you move away! The orc misses you.
The orc attacks as you move away! The orc barely misses you.
Found a stone staircase leading down.
The orc priest casts a cantrip, but nothing happens.
The orc priest mumbles some strange prayers to Beogh against you.
Beogh smites you!
Ouch! That really hurt!
* * * LOW HITPOINT WARNING * * *
There is a stone staircase leading up here.
You are too injured to fight recklessly!
You climb upwards.
There is a stone staircase leading down here.
Unknown command.
a - a +0 long sword (weapon)
{long} You hit the orc but do no damage.
The orc misses you. x2
You hit the orc. The orc hits you but does no damage.
You slash the orc!
You kill the orc!
h - a +0 leather armour
Things that are here:
a +0 hand axe {axe}; an orc corpse
There is a stone staircase leading down here.
You start resting.
You climb downwards.
An orc wizard comes into view. It is wielding a +0 dagger.
There is a stone staircase leading up here.
Danger!
Unknown command.
b - a +0 sling (weapon)
The orc wizard shouts!
Fire: b) +0 sling
Press: ? - help, Q - select action, (/) - cycle Shift-Dir - straight line, f - orc priest
Aim: an orc priest, wielding a +0 hand axe and wearing a +0 leather armour (59% to hit)
You shoot a sling bullet.
The sling bullet closely misses the orc priest.
The orc wizard gestures wildly while chanting.
The orc wizard flickers and vanishes!
Deactivating autopickup; reactivate with Ctrl-A.
The orc priest barely misses you.
You climb upwards.
Reactivating autopickup.
There is a stone staircase leading down here.
Unknown command.
a - a +0 long sword (weapon)
{long} The orc priest barely misses you.
You closely miss the orc priest.
The orc priest hits you with a +0 hand axe.
You slash the orc priest!
The orc priest calls down the wrath of Beogh upon you.
Pain shoots through your body!
You hit the orc priest.
The orc priest hits you but does no damage.
The orc priest hits you with a +0 hand axe.
* * * LOW HITPOINT WARNING * * *
You barely miss the orc priest.
The orc priest hits you with a +0 hand axe.
* * * LOW HITPOINT WARNING * * *
Unknown command.
You hit the orc priest.
The orc priest hits you with a +0 hand axe.
* * * LOW HITPOINT WARNING * * *
Unknown command.
You hit the orc priest but do no damage.
The orc priest closely misses you.
You closely miss the orc priest.
The orc priest hits you but does no damage.
You hit the orc priest.
The orc priest mumbles some strange prayers to Beogh against you.
Beogh smites you!
Ouch! That really hurt!
You die...

Skill      XL: |  1  2  3 |
---------------+----------+-----
Fighting       | 2 |  2.3
Long Blades    | 3 |  3.5
Stealth        | 1 |  1.4
Dodging        | 3 |  3.1
Throwing       | |  1.7

Action                   || total
-------------------------++-------
Melee: Long sword        ||    69
 Fire: Sling             ||    97
  Use: Scroll            ||     6
Armor: Leather armour    ||    27
Dodge: Dodged            ||    60

Levels and vault maps discovered:
D:1:      matt_arrival_grand_opening, layout_basic, serial_shops,
          nicolae_shop_behind_doors, chequers_serial_rivers_marsh,
          minmay_heptomino_h4
D:2:      layout_rooms, shapermc_ecumenical_altar_starsandcircs
D:3:      layout_loops_ring, grunt_temple_overflow_order_and_chaos_1,
          chequers_serial_rivers_micro_b

Notes
Turn   | Place    | Note
-------+----------+-------------------------------------------
     0 | D:1      | Sobieck the Demigod Gladiator began the quest for the Orb.
     0 | D:1      | Reached XP level 1. HP: 17/17 MP: 3/3
   256 | D:1      | Found Xoroguy's Antique Weapon Shoppe.
   324 | D:1      | Reached skill level 2 in Fighting
   324 | D:1      | Reached skill level 3 in Long Blades
   324 | D:1      | Reached XP level 2. HP: 19/24 MP: 4/4
   902 | D:2      | Reached skill level 1 in Stealth
  1118 | D:2      | Reached XP level 3. HP: 16/29 MP: 5/5
  1301 | D:2      | Reached skill level 3 in Dodging
  1893 | D:2      | Identified a scroll of acquirement
  1893 | D:2      | Acquired 680 gold pieces
  2272 | D:2      | Killed from afar by an orc priest

Vanquished Creatures
  2 adders
  2 worms (D:2)
  A dart slug (D:2)
  An orc (D:2)
  5 ball pythons
  2 endoplasms
  5 giant cockroaches
  6 goblins
  5 hobgoblins
  2 jackals (D:2)
  2 bats
  5 frilled lizards
  5 kobolds
  4 rats
47 creatures vanquished.

Table legend:
 A = Non-vault XP
 B = Vault XP
 C = Vault XP percentage of total XP
 D = Non-vault monster count
 E = Vault monster count
 F = Vault count percentage of total count
                 A         B        C        D         E       F
            +---------+---------+-------+---------+---------+-------
      Total |     100 |       6 |   5.7 |      43 |       4 |   8.5
            +---------+---------+-------+---------+---------+-------
        D:1 |      23 |       6 |  20.7 |      15 |       4 |  21.1
        D:2 |      62 |       0 |   0.0 |      25 |       0 |   0.0
        D:3 |      15 |       0 |   0.0 |       3 |       0 |   0.0
            +---------+---------+-------+---------+---------+-------

Illustrated notes

Table legend:
 A = Kills in this place as a percentage of kills in entire the game.
 B = Kills by you in this place as a percentage of kills by you in the entire game.
 C = Kills by friends in this place as a percentage of kills by friends in the entire game.
 D = Other kills in this place as a percentage of other kills in the entire game.
 E = Experience gained in this place as a percentage of experience gained in the entire game.
 F = Experience gained in this place divided by the number of levels of this place that you have seen.
                   A       B       C       D       E      F
               +-------+-------+-------+-------+-------+----------------------
         Total | 100.0 | 100.0 |   N/A |   N/A | 100.0 |  35.3
       Dungeon | 100.0 | 100.0 |   N/A |   N/A | 100.0 |  35.3
               +-------+-------+-------+-------+-------+----------------------

Table legend: (Time is in decaauts)
 A = Elapsed time spent in this place.
 B = Non-inter-level travel time spent in this place.
 C = Inter-level travel time spent in this place.
 D = Time resting spent in this place.
 E = Time spent auto-exploring this place.
 F = Levels seen in this place.
 G = Mean time per level.
                   A        B        C        D        E       F      G
               +--------+--------+--------+--------+--------+-----+--------+
         Total |   2315 |   2253 |     62 |    712 |   1122 |   3 |  771.7 |
       Dungeon |   2315 |   2253 |     62 |    712 |   1122 |   3 |  771.7 |
               +--------+--------+--------+--------+--------+-----+--------+

Top non-repeatable levels by time:
     D:1: 1092 daAuts
     D:2: 977 daAuts
     D:3: 245 daAuts
